AoeStats
← GURU

Arena

510293614Analyzed
4v4 RM · 1d ago on Sep 30, 2026· 77m 15s· 8 players
Game mode
Random Map
Map size
Large (8 player)
Population
200
Speed
Normal
Resources
Standard
Victory
Conquest
Starting age
Dark Age
Ending age
Imperial Age
RankedLock teamsTeams togetherTeam positionsShared explorationLock speedFull tech treeHidden civsTurbo modeCheats
Victory
Defeat
🇪🇸 Bohemians · Spain
638
+17
🇻🇳 Teutons · Vietnam
579
+19
🇷🇺 Portuguese · Russia
553
+20
🇩🇪 Slavs · Germany
457
+24
🇫🇷 Gurjaras · France
675
-21
🇨🇳 Tatars · China
667
-21
🇨🇳 Celts · China
626
-19
🇮🇳 Khmer · India
609
-19
GURU
0:40 Loom
10:41 Feudal Age
12:03 Wheelbarrow
12:18 Double-Bit Axe
12:48 Horse Collar
14:21 Gold Mining
19:12 Castle Age
18:17 Stone Mining
20:21 Bow Saw
19:54 Pikeman
21:15 Fletching
22:22 Elite Skirmisher
26:00 Heavy Plow
28:25 Hand Cart
33:47 Imperial Age
31:59 Scale Mail Armor
33:41 Forging
33:51 Chain Mail Armor
33:55 Town Watch
35:57 Two-Man Saw
36:41 Crop Rotation
37:02 Conscription
38:19 Plate Mail Armor
38:26 Iron Casting
40:12 Ironclad
39:51 Halberdier
42:17 Elite Teutonic Knight
43:20 Heated Shot
43:35 Caravan
44:01 Ballistics
46:09 Squires
46:55 Padded Archer Armor
48:25 Arson
49:15 Coinage
54:10 Blast Furnace
55:52 Crenellations
61:41 Chemistry
60:59 Leather Archer Armor
63:38 Banking
74:37 Guilds
Zeus89
13:39 Feudal Age
14:48 Horse Collar
17:39 Double-Bit Axe
23:30 Castle Age
22:37 Fletching
22:47 Padded Archer Armor
22:50 Scale Mail Armor
23:56 Elite Skirmisher
24:00 Pikeman
24:41 Squires
24:58 Man-at-Arms
27:06 Crossbowman
28:03 Wagenburg Tactics
28:19 Leather Archer Armor
28:22 Long Swordsman
30:28 Wheelbarrow
29:39 Loom
31:44 Hand Cart
33:07 Chain Mail Armor
36:33 Arson
39:52 Imperial Age
37:34 Bodkin Arrow
37:49 Forging
40:17 Caravan
40:48 Coinage
41:30 Chemistry
40:51 Ballistics
40:27 Murder Holes
41:06 Plate Mail Armor
41:06 Ring Archer Armor
40:37 Bracer
41:13 Iron Casting
41:21 Conscription
41:30 Arrowslits
41:57 Fortified Wall
41:59 Masonry
46:56 Banking
46:37 Guilds
46:43 Bow Saw
47:14 Houfnice
48:08 Hussite Reforms
50:20 Onager
54:15 Guard Tower
54:46 Bombard Tower
54:57 Architecture
54:33 Siege Engineers
58:27 Halberdier
59:15 Elite Hussite Wagon
73:41 Blast Furnace
72:47 Scale Barding Armor
73:21 Keep
74:34 Heavy Plow
Shadow Queens
11:40 Feudal Age
12:57 Wheelbarrow
12:05 Horse Collar
12:14 Double-Bit Axe
15:21 Stone Mining
16:06 Gold Mining
20:03 Loom
22:33 Castle Age
24:16 Hand Cart
24:07 Heavy Plow
24:39 Bow Saw
26:42 Forging
27:20 Scale Barding Armor
28:03 Detinets
30:06 Iron Casting
31:48 Chain Barding Armor
38:01 Imperial Age
37:45 Gold Shaft Mining
38:55 Onager
39:35 Elite Boyar
44:22 Blast Furnace
43:58 Plate Barding Armor
55:19 Hoardings
1777@
0:51 Loom
13:49 Feudal Age
15:08 Wheelbarrow
14:22 Double-Bit Axe
15:16 Gold Mining
16:06 Stone Mining
16:04 Arson
23:58 Castle Age
22:47 Forging
27:21 Bow Saw
27:52 Stone Shaft Mining
28:05 Fletching
28:17 Padded Archer Armor
28:22 Scale Mail Armor
28:34 Caravan
29:03 Hand Cart
30:40 Pikeman
31:05 Gambesons
34:59 Imperial Age
34:42 Fortified Wall
34:52 Bodkin Arrow
35:33 Iron Casting
37:09 Chemistry
37:18 Conscription
39:51 Elite Organ Gun
42:02 Two-Man Saw
41:49 Horse Collar
42:26 Halberdier
44:59 Blast Furnace
45:38 Arquebus
45:34 Town Watch
45:55 Crossbowman
45:59 Elite Skirmisher
47:02 Chain Mail Armor
46:48 Bracer
47:05 Leather Archer Armor
48:31 Town Patrol
49:04 Plate Mail Armor
51:02 Ballistics
51:55 Ring Archer Armor
61:18 Man-at-Arms
62:33 Long Swordsman
64:36 Two-Handed Swordsman
65:16 Champion
ShrouD
14:54 Feudal Age
18:43 Wheelbarrow
21:08 Castle Age
19:11 Double-Bit Axe
19:34 Stone Mining
19:53 Gold Mining
23:29 Hand Cart
24:04 Forging
23:44 Fletching
23:54 Padded Archer Armor
23:55 Scale Mail Armor
25:01 Tusk Swords
29:46 Loom
29:47 Town Watch
31:25 Leather Archer Armor
31:05 Bodkin Arrow
36:37 Imperial Age
37:24 Elite Ballista Elephant
38:33 Scale Barding Armor
38:43 Chain Mail Armor
39:45 Double Crossbow
40:47 Stone Shaft Mining
40:47 Gold Shaft Mining
40:26 Bow Saw
39:58 Horse Collar
46:39 Hoardings
45:35 Sappers
46:26 Conscription
46:32 Ballistics
46:03 Guard Tower
46:19 Siphons
46:40 Chain Barding Armor
46:50 Ring Archer Armor
46:21 Bracer
46:56 Iron Casting
48:37 Caravan
49:08 Coinage
48:50 Siege Engineers
49:03 Fortified Wall
49:07 Masonry
49:33 Keep
49:09 Clinker Construction
49:11 Careening
49:50 Plate Barding Armor
55:16 Architecture
63:33 Heavy Scorpion
63:34 Onager
63:34 Capped Ram
伐木王
0:36 Loom
13:08 Feudal Age
13:49 Double-Bit Axe
13:46 Horse Collar
15:25 Gold Mining
19:39 Castle Age
26:35 Imperial Age
24:55 Bow Saw
25:42 Caravan
27:08 Onager
32:51 Gold Shaft Mining
37:58 Siege Onager
38:07 Heavy Scorpion
40:57 Siege Engineers
41:14 Ballistics
48:00 Capped Ram
49:39 Town Watch
50:52 Siege Ram
SosoAllstar
0:58 Loom
10:31 Feudal Age
11:50 Double-Bit Axe
11:51 Horse Collar
14:59 Wheelbarrow
19:08 Castle Age
17:41 Stone Mining
18:21 Forging
21:17 Bow Saw
22:15 Iron Casting
21:48 Scale Barding Armor
21:56 Heavy Plow
23:05 Hand Cart
26:12 Gold Mining
27:01 Stone Shaft Mining
27:24 Chain Barding Armor
27:11 Husbandry
28:14 Fervor
28:55 Gold Shaft Mining
30:30 Kshatriyas
34:15 Imperial Age
32:31 Bloodlines
32:35 Caravan
34:50 Town Watch
35:44 Plate Barding Armor
34:42 Elite Shrivamsha Rider
37:09 Conscription
38:32 Frontier Guards
40:31 Fletching
40:42 Padded Archer Armor
41:21 Heavy Plow
41:24 Bodkin Arrow
42:48 Hoardings
43:37 Town Patrol
44:03 Masonry
44:15 Ballistics
44:56 Chemistry
43:22 Elite Elephant Archer
47:51 Thumb Ring
48:14 Bracer
48:31 Leather Archer Armor
49:36 Heavy Camel Rider
zero
5:08 Loom
12:55 Feudal Age
14:10 Double-Bit Axe
17:12 Castle Age
16:03 Stone Mining
15:57 Horse Collar
18:36 Bow Saw
19:50 Wheelbarrow
23:36 Heavy Plow
24:00 Fervor
25:21 Gold Mining
25:43 Scale Barding Armor
26:24 Hand Cart
30:52 Imperial Age
31:32 Gold Shaft Mining
32:21 Elite Keshik
35:41 Crop Rotation
37:31 Chain Barding Armor
37:34 Herbal Medicine
38:29 Timurid Siegecraft
38:54 Forging
40:04 Plate Barding Armor
41:33 Siege Engineers
46:04 Chemistry
44:50 Heavy Cavalry Archer
45:56 Husbandry
46:07 Bloodlines
52:04 Conscription
60:02 Iron Casting
59:22 Fletching
60:15 Bodkin Arrow
61:10 Bracer
61:37 Padded Archer Armor
Connection lost

Rejoining the realm…

Still unreachable

The connection could not be restored.

Session expired

The server has moved on; the page needs a fresh start.